 Dungeon Crawl Stone Soup version 0.29.1-13-g9f3cf754e1 (webtiles) character file.

Game seed: 16556538460829336948

14 hawla the Chiller (level 2, 0/20 HPs)
             Began as a Meteoran Ice Elementalist on Jan 23, 2023.
             Succumbed to an adder's poison
             ... on level 2 of the Dungeon.
             The game lasted 00:00:52 (104 turns).

hawla the Chiller (Meteoran Ice Elementalist)        Turns: 104, Time: 00:00:52

Health: 0/20       AC:  2    Str:  9    XL:     2   Next: 76%
Magic:  1/6        EV: 12    Int: 16    God:
Gold:   12         SH:  0    Dex: 14    Spells: 5/6 levels left

rFire   . . .      SeeInvis .   (no weapon)
rCold   . . .      Faith    .   (no shield)
rNeg    . . .      Spirit   .   a - +0 robe
rPois   .          Reflect  .   (no helmet)
rElec   .          Harm     .   (no cloak)
rCorr   .          Rampage  .   (no gloves)
Will    .....                   (no boots)
Stlth   +.........              (no amulet)
HPRegen 0.06/turn               (no ring)
MPRegen 0.10/turn               (no ring)

@: lethally poisoned (0 -> -6), glowing
A: sense surroundings 1, otherworldly, glowing, explore regen
a: no special abilities


You were on level 2 of the Dungeon.
You visited 1 branch of the dungeon, and saw 2 of its levels.

You collected 12 gold pieces.

Inventory:

Armour
 a - a +0 robe (worn)
Scrolls
 c - a scroll of magic mapping {unknown}
 d - a scroll of butterflies {unknown}
Potions
 b - a potion of magic


   Skills:
 + Level 2.5 Dodging
 - Level 1.4 Stealth
 + Level 2.9 Spellcasting
 + Level 4.9 Ice Magic


You had 5 spell levels left.
You knew the following spells:

 Your Spells              Type           Power      Damage    Failure   Level
a - Freeze                Ice            72%        1d9       2%          1

Your spell library contained the following spells:

 Spells                   Type           Power      Damage    Failure   Level
 Frozen Ramparts          Ice            36%        1d6       8%          3
 Ozocubu's Armour         Ice            18%        N/A       8%          3
 Hailstorm                Conj/Ice       10%        3d5       56%         4


Dungeon Overview and Level Annotations

Branches:
Dungeon (2/15) Zot: 1096

Altars:


Innate Abilities, Weirdness & Mutations

You passively map a small area around you.
You are easily found by Zot.
You glow in the dark.
You regain HP and MP as you explore.


Message History

The adder bites you. The adder bites you.
You are poisoned.
The adder poisons you! The adder barely misses you.
You feel sick.
Casting: Freeze (safe; 2% risk of failure)
Confirm with . or Enter, or press ? or * to list all spells.
Aiming: Freeze (safe; 2% risk of failure)
Press: ? - help, Shift-Dir - straight line, f/p - adder
Aim: an adder (severely wounded)
You freeze the adder.
The adder is almost dead.
You feel sick. The adder bites you.
Unknown command.
You feel sick.
You feel sick. The adder bites you. The adder attacks as you move away!
The adder closely misses you.
You feel sick.
You feel sick.
You feel sick.
You are no longer poisoned.
The adder bites you but does no damage.
There is a stone staircase leading down here.
The adder attacks as you move away! The adder closely misses you.
The adder attacks as you move away! The adder misses you.
Found a stone staircase leading down.
The adder bites you.
* * * LOW HITPOINT WARNING * * *
You are lethally poisoned!
The adder poisons you! The adder attacks as you move away!
The adder closely misses you.
* * * LOW HITPOINT WARNING * * *
You feel sick.
Casting: Freeze (safe; 2% risk of failure)
Confirm with . or Enter, or press ? or * to list all spells.
Aiming: Freeze (safe; 2% risk of failure)
Press: ? - help, Shift-Dir - straight line, f/p - adder
Aim: an adder (almost dead)
You freeze the adder!
You kill the adder!
You die...

........## ,.... , ...
..###....#####..# #.....
...#?............ .>....
.....##...####..##.....
.....###....>##..#.....
.....# ##.##..#.....# *
.....####.###.......###
........#.##..........#.
...............†@.......
.....^....#...........#.
*
.............##...#.###
, ..........##..#...# #
.†........##....:.#.# ,
#.###.....##.....##.###
*
#..*#.#######.(..#.....
, ##.##.# ##......... ,
, , *.....* #..........
,


There were no monsters in sight!

Vanquished Creatures
  An adder (D:2)
  A worm (D:2)
  2 endoplasms (D:2)
  2 hobgoblins (D:2)
  2 quokkas (D:2)
  2 ball pythons (D:2)
10 creatures vanquished.

Notes
Turn   | Place    | Note
-------+----------+-------------------------------------------
     0 | D:1      | hawla the Meteoran Ice Elementalist began the quest for the
                  | Orb.
     0 | D:1      | Reached XP level 1. HP: 14/14 MP: 5/5
    43 | D:2      | Reached XP level 2. HP: 16/20 MP: 3/6
   103 | D:2      | HP: 1/20 [poisoned by an adder]
   104 | D:2      | Succumbed to an adder's poison

Illustrated notes

Levels and vault maps discovered:
D:1:      dpeg_arrival_tiny_c, layout_loops_ring, serial_bayou_pond_c,
          ebering_dispersal_statue_hall, grunt_decor_one_mirror,
          serial_bayou_crossing
D:2:      layout_rooms, uniq_terence, uniq_crazy_yiuf_cottage

Action                   || total
-------------------------++-------
Melee: Unarmed           ||     5
 Cast: Freeze            ||    20
Armor: Robe              ||     1
Dodge: Dodged            ||    14
